 Dungeon Crawl Stone Soup version 0.29-a0-1016-g236c7fd91e (webtiles) character file.

Game seed: 8355912469273475772

1045 miscthings the Cutter (level 8, 0/63 HPs)
             Began as a Meteoran Artificer on Aug 10, 2022.
             Slain by an unseen horror (6 damage)
             ... on level 5 of the Dungeon.
             The game lasted 00:10:00 (2292 turns).

miscthings the Cutter (Meteoran Artificer)          Turns: 2292, Time: 00:10:00

Health: 0/63       AC: 12    Str: 15    XL:     8   Next: 79%
Magic:  9/9        EV: 15    Int: 12    God:
Gold:   130        SH:  5    Dex: 22    Spells: 7/7 levels left

rFire   . . .      SeeInvis .   a - +2 short sword (venom)
rCold   . . .      Faith    .   (no shield)
rNeg    . . .      Spirit   .   x - +4 ring mail
rPois   .          Reflect  +   b - +2 helmet
rElec   .          Harm     .   (no cloak)
rCorr   .          Rampage  .   (no gloves)
Will    +....                   (no boots)
Stlth   +.........              j - amulet of reflection
HPRegen 0.20/turn               n - +6 ring of dexterity
MPRegen 0.11/turn               B - +4 ring of evasion

@: glowing
A: sense surroundings 1, otherworldly, glowing, explore regen
a: no special abilities


You were on level 5 of the Dungeon.
You visited 1 branch of the dungeon, and saw 5 of its levels.

You collected 130 gold pieces.

Inventory:

Hand Weapons
 a - a +2 short sword of venom (weapon)
 y - a +5 dire flail of protection
Armour
 b - a +2 helmet (worn)
 s - a +2 robe of cold resistance
 x - a +4 ring mail (worn)
Jewellery
 j - an amulet of reflection (around neck)
 n - a +6 ring of dexterity (left hand)
 B - a +4 ring of evasion (right hand)
 C - a +6 ring of dexterity
Wands
 c - a wand of flame (11) (quivered)
 d - a wand of charming (11)
 e - a wand of iceblast (1)
Scrolls
 f - a scroll of enchant weapon {unknown}
 g - a scroll of poison
 h - a scroll of blinking {unknown}
 i - 2 scrolls of immolation
 o - a scroll of teleportation {unknown}
 p - a scroll of fear {unknown}
 r - a scroll of vulnerability
 u - a scroll of fog
 v - a scroll of enchant armour
 D - 2 scrolls of magic mapping
Potions
 l - 2 potions of ambrosia
 q - 2 potions of lignification
 t - a potion of mutation {unknown}
 w - a potion of berserk rage {unknown}
 z - 2 potions of degeneration {unknown}
 A - a potion of cancellation {unknown}


   Skills:
 - Level 3.5 Fighting
 + Level 7.1 Short Blades
 - Level 6.7 Maces & Flails
 - Level 2.7 Armour
 - Level 1.6 Dodging
 - Level 1.0 Stealth
 - Level 3.8 Evocations


You had 7 spell levels left.
You didn't know any spells.
Your spell library contained the following spells:

 Spells                   Type           Power      Damage    Failure   Level
 Beastly Appendage        Tmut           0%         N/A       54%         1
 Scorch                   Fire           0%         2d5       67%         2
 Wereblood                Tmut           0%         N/A       67%         2
 Spider Form              Tmut/Pois      0%         N/A       88%         3
 Flame Wave               Conj/Fire      0%         2d4       99%         4
 Fireball                 Conj/Fire      0%         3d3       100%        5
 Freezing Cloud           Conj/Ice/Air   0%         6-21      100%        5
 Simulacrum               Ice/Necr       0%         N/A       100%        6
 Starburst                Conj/Fire      0%         6d3       100%        6
 Summon Cactus Giant      Summ           0%         N/A       100%        6
 Ignition                 Fire           0%         3d3       100%        8
 Polar Vortex             Ice            0%         N/A       100%        9


Dungeon Overview and Level Annotations

Branches:
Dungeon (5/15) Zot: 662
 Temple: D:4-7

Altars:
Fedhas
Qazlal


Innate Abilities, Weirdness & Mutations

You passively map a small area around you.
You are easily found by Zot.
You glow in the dark.
You regain HP and MP as you explore.


Message History

Something hits you. Something hits you but does no damage.
Something hits you but does no damage.
You see here a book of Fire.
You pick up a book of Fire and begin reading...
You add the spells Fireball, Starburst and Ignition to your library.
Something hits you but does no damage. Something hits you! Something hits you!
Something hits you but does no damage.
Found a manual of Armour.
Something hits you. x2
Something hits you but does no damage. x2
You barely miss something. Something hits you.
You swing at nothing.
You miss something. Something hits you but does no damage.
You closely miss something. Something hits you!
You hit something.
Your weapon exudes an aura of protection.
Something barely misses you.
You swing at nothing.
Something hits you but does no damage.
You swing at nothing.
Something hits you but does no damage. You block something's attack.
You miss something. Something hits you but does no damage.
Something hits you but does no damage.
You miss something.
Something hits you but does no damage. x2
You hit something.
Your weapon exudes an aura of protection.
Something hits you but does no damage. x2
You hit something but do no damage.
Something hits you but does no damage. x2
You sock something! Something hits you. Something hits you but does no damage.
You puncture something! Something hits you but does no damage.
Your +5 dire flail of protection goes still.
Your +2 short sword of venom begins to drip with poison!
a - a +2 short sword of venom (weapon)
Something hits you.
You hit something but do no damage. Something hits you!
* * * LOW HITPOINT WARNING * * *
You swing at nothing.
Something hits you.
* * * LOW HITPOINT WARNING * * *
You miss something. Something hits you.
You die...

#....##........#####...,,,**,
#....##......#.##.....,,,,*,,
##...###†....<........,,,,,,,
#...#...........##..,,,,,,,,
######..........##*,,,,***,*
#...........#*,**** *,,
#..###.###.....#*,***,*
#...*#.#*,.......,,**,,
#.*,,#@#,,.#....#*,,,,,
*,**,#.#,,.##..##*,,,,,
*,,,,#.#,,..,...#,,,,**
*,,*,#.#,*..,,...,,,,**
*,,,*#.#*,,,*,,,,,*,***
*,***.:.***,*,,,,,****,
*,,,*#.#*,,,*,,,,,,***,
**,*,#.#,*,*,,,*,*,,**,
*,,,,*,,,,,,,*****,,,,


There were no monsters in sight!

Vanquished Creatures
  Sigmund (D:3)
  A vampire mosquito (D:5)
  Edmund (D:4)
  A phantom (D:3)
  A necrophage (D:5)
  A jelly (D:4)
  A hound (D:5)
  An iguana (D:5)
  An orc wizard (D:5)
  Robin (D:2)
  6 adders
  3 worms
  2 dart slugs
  7 orcs
  3 endoplasms
  12 hobgoblins
  2 jackals (D:3)
  6 kobolds
  A quokka (D:3)
  2 ball pythons (D:2)
  4 bats
  3 frilled lizards
  16 goblins
  4 rats
81 creatures vanquished.

Vanquished Creatures (collateral kills)
  A shadow (D:5)
  An ogre (D:5)
  A jelly (D:5)
  An iguana (D:5)
  A ball python (D:1)
5 creatures vanquished.

Vanquished Creatures (others)
  2 ball pythons
  A kobold (D:1)
3 creatures vanquished.

Grand Total: 89 creatures vanquished

Notes
Turn   | Place    | Note
-------+----------+-------------------------------------------
     0 | D:1      | miscthings the Meteoran Artificer began the quest for the
                  | Orb.
     0 | D:1      | Reached XP level 1. HP: 16/16 MP: 2/2
   178 | D:1      | Reached XP level 2. HP: 16/23 MP: 3/3
   236 | D:1      | HP: 1/23 [kobold/+0 club (3)]
   261 | D:1      | Reached skill level 1 in Stealth
   385 | D:1      | Found a faded altar of an unknown god.
   479 | D:1      | Glimpsed the power of Zot.
   495 | D:2      | Reached XP level 3. HP: 26/28 MP: 4/4
   548 | D:2      | Noticed Robin
   552 | D:2      | Killed Robin
   602 | D:2      | Reached XP level 4. HP: 24/37 MP: 5/5
   794 | D:2      | Found a stormy altar of Qazlal.
   981 | D:3      | Reached skill level 1 in Maces & Flails
  1016 | D:3      | Noticed Sigmund
  1031 | D:3      | Reached XP level 5. HP: 40/45 MP: 6/6
  1031 | D:3      | Killed Sigmund
  1032 | D:3      | Reached skill level 5 in Maces & Flails
  1032 | D:3      | Reached XP level 6. HP: 46/51 MP: 7/7
  1184 | D:3      | Reached XP level 7. HP: 33/57 MP: 8/8
  1321 | D:4      | Found a blossoming altar of Fedhas.
  1468 | D:4      | Reached skill level 1 in Short Blades
  1689 | D:4      | Noticed Edmund
  1705 | D:4      | Killed Edmund
  1706 | D:4      | Reached skill level 3 in Short Blades
  2053 | D:5      | Entered Level 5 of the Dungeon
  2073 | D:5      | Reached skill level 4 in Short Blades
  2153 | D:5      | Reached XP level 8. HP: 63/63 MP: 9/9
  2229 | D:5      | Noticed a vampire mosquito
  2236 | D:5      | Reached skill level 5 in Short Blades
  2241 | D:5      | Noticed a shadow
  2247 | D:5      | Killed a shadow
  2248 | D:5      | Reached skill level 6 in Short Blades
  2258 | D:5      | Killed a vampire mosquito
  2259 | D:5      | Reached skill level 7 in Short Blades
  2292 | D:5      | Slain by an unseen horror

Illustrated notes

Levels and vault maps discovered:
D:1:      ncdulo_smallfort, layout_basic, dreamdust_ecumenical_altar_statues
D:2:      layout_loops_ring, basic_altar, uniq_robin, uniq_crazy_yiuf_cottage
D:3:      minmay_razor_zed, layout_basic, slow_altar_2, serial_shops,
          nicolae_diamond_shop, minmay_misc_feat_rows, uniq_sigmund
D:4:      layout_basic, old_standard_altar, uniq_edmund
D:5:      layout_cave_pools, minmay_manual_monstrance

Skill      XL: |  1  2  3  4  5  6  7  8 |
---------------+-------------------------+-----
Stealth        | 1 |  1.0
Fighting       | 2 3 |  3.5
Maces & Flails | 1 5 6 |  6.7
Short Blades   | 4 7 |  7.1
Armour         | |  2.7
Dodging        | |  1.6
Evocations     | |  3.8

Action                   |  1- 3 |  4- 6 |  7- 9 || total
-------------------------+-------+-------+-------++-------
Melee: Club              |    80 |       |       ||    80
       Punch             |     2 |       |     2 ||     4
       Whip              |    33 |    13 |       ||    46
       Mace              |       |    93 |    29 ||   122
       Short sword       |       |       |    77 ||    77
       Dire flail        |       |       |    19 ||    19
Evoke: Wand              |     9 |     3 |     8 ||    20
  Use: Scroll            |       |       |     9 ||     9
Armor: Leather armour    |    32 |       |       ||    32
       Chain mail        |    14 |    62 |    15 ||    91
       Ring mail         |       |       |    49 ||    49
Dodge: Dodged            |    57 |    28 |    49 ||   134
Block: Other             |     7 |    27 |    20 ||    54

Table legend: (Time is in decaauts)
 A = Elapsed time spent in this place.
 B = Non-inter-level travel time spent in this place.
 C = Inter-level travel time spent in this place.
 D = Time resting spent in this place.
 E = Time spent auto-exploring this place.
 F = Levels seen in this place.
 G = Mean time per level.
                   A        B        C        D        E       F      G
               +--------+--------+--------+--------+--------+-----+--------+
         Total |   2336 |   2252 |     84 |    152 |    824 |   5 |  467.2 |
       Dungeon |   2336 |   2252 |     84 |    152 |    824 |   5 |  467.2 |
               +--------+--------+--------+--------+--------+-----+--------+

Top non-repeatable levels by time:
     D:4: 732 daAuts
     D:1: 500 daAuts
     D:2: 450 daAuts
     D:3: 422 daAuts
     D:5: 231 daAuts
